[Event "Titled Tuesday Blitz November 01 Early 2022"]
[White "Papasimakopoulos, Alexandros"]
[Black "Kodinets, Konstantin L."]
[WhiteFideId "4244125"]
[BlackFideId "4122011"]
[WhiteElo "2357"]
[BlackElo "2447"]
[Result "1-0"]
[Round "03"]
[TimeControl "180+1"]
[Date "2022.11.02"]
[WhiteClock "0:01:21"]
[BlackClock "0:00:31"]

1. d4 d6 2. Nf3 Nf6 3. c4 Nbd7 4. Nc3 c6 5. Bg5 h6 6. Bh4 g5 7. Bg3 Nh5 8. e3 Bg7 9. Nd2 Nxg3 10. hxg3 a6 11. Bd3 b5 12. Qf3 bxc4 13. Qxc6 Rb8 14. Qxc4 Rxb2 15. Nb3 Nb6 16. Qc6+ Bd7 17. Qb7 Na4 18. Nd1 O-O 19. Nxb2 Nxb2 20. Bxa6 Ba4 21. O-O d5 22. Nc5 Qa5 23. Qxb2 Qxc5 24. dxc5 Bxb2 25. Rab1 Be5 26. Bb7 d4 27. exd4 Bxd4 28. Rb4 1-0


[Site "https://www.chess.com"]

[Event "Titled Tuesday Blitz November 01 Early 2022"]
[White "Paravyan, David"]
[Black "Ginzburg, Yakov"]
[WhiteFideId "4194985"]
[BlackFideId "4157176"]
[WhiteElo "2555"]
[BlackElo "2305"]
[Result "1-0"]
[Round "03"]
[TimeControl "180+1"]
[Date "2022.11.02"]
[WhiteClock "0:01:32"]
[BlackClock "0:00:04"]

1. e4 c5 2. Nf3 e6 3. d4 cxd4 4. Nxd4 Nf6 5. Nc3 Nc6 6. Nxc6 bxc6 7. e5 Nd5 8. Ne4 f5 9. exf6 Nxf6 10. Nd6+ Bxd6 11. Qxd6 Qb6 12. Bd3 c5 13. Qg3 O-O 14. O-O Ba6 15. c4 d5 16. b3 Rad8 17. Bg5 dxc4 18. bxc4 Rd4 19. Bxf6 Rxf6 20. Rab1 Qd6 21. Rb8+ Kf7 22. Bxh7 Qxg3 23. hxg3 Rxc4 24. Ra8 Rh6 25. Rxa7+ Kf6 26. Bd3 Rch4 27. gxh4 Bxd3 28. Rd1 c4 29. Ra4 Rh5 30. Rb4 e5 31. f3 Rxh4 32. a4 c3 33. Rxh4 1-0


[Site "https://www.chess.com"]

[Event "Titled Tuesday Blitz November 01 Early 2022"]
[White "Parkhov, Yair"]
[Black "Storey, Charles H"]
[WhiteFideId "2813408"]
[BlackFideId "406686"]
[WhiteElo "2384"]
[BlackElo "2252"]
[Result "1/2-1/2"]
[Round "03"]
[TimeControl "180+1"]
[Date "2022.11.02"]
[WhiteClock "0:00:09"]
[BlackClock "0:00:35"]

1. c4 g6 2. e4 Bg7 3. d4 c5 4. Nf3 cxd4 5. Nxd4 Nc6 6. Be3 d6 7. Nc3 Bd7 8. Qd2 Nf6 9. f3 O-O 10. Be2 a5 11. O-O-O a4 12. g4 a3 13. b3 Qa5 14. h4 h5 15. Rdg1 Rfc8 16. gxh5 Nxh5 17. Rg5 Nxd4 18. Rxa5 Nxb3+ 19. axb3 Rxa5 20. Nd5 Bb2+ 21. Kb1 Rca8 22. Ka2 Ng3 23. Rg1 Nxe2 24. Qxe2 b5 25. h5 bxc4 26. Qxc4 Be6 27. hxg6 Rc8 28. Nxe7+ Kg7 29. Bd4+ f6 30. Qb4 Rc2 31. Qxa5 Bxd4+ 32. Kb1 Rb2+ 33. Kc1 Be3+ 34. Kd1 Bxb3+ 35. Ke1 Bf2+ 36. Kf1 Bc4+ 37. Kg2 Bb6+ 38. Kh3 Be6+ 39. Nf5+ Bxf5+ 40. Qxf5 Bxg1 41. Qd7+ Kxg6 42. Qe8+ Kg7 43. Qd7+ Kg6 44. Qf5+ Kf7 45. Kg4 Rg2+ 46. Kh3 Rh2+ 47. Kg3 a2 48. Qd7+ Kg6 49. Qe8+ Kg7 50. Qe7+ Kg6 51. Qe8+ Kg7 52. Qd7+ Kg6 53. Qf5+ Kg7 54. Qd7+ Kg6 1/2-1/2


[Site "https://www.chess.com"]

[Event "Titled Tuesday Blitz November 01 Early 2022"]
[White "Parpiev, Isaak"]
[Black "Zakhartsov, Vladimir"]
[WhiteFideId "34281576"]
[BlackFideId "4145097"]
[WhiteElo "2100"]
[BlackElo "2492"]
[Result "1-0"]
[Round "03"]
[TimeControl "180+1"]
[Date "2022.11.01"]
[WhiteClock "0:00:18"]
[BlackClock "0:00:03"]

1. e4 c5 2. Nf3 e6 3. d3 Nc6 4. g3 g6 5. Bg2 Bg7 6. O-O Nge7 7. c3 O-O 8. d4 cxd4 9. cxd4 d5 10. e5 f6 11. exf6 Bxf6 12. Nc3 Nf5 13. Be3 Bd7 14. Rc1 Rc8 15. Re1 b6 16. Bh3 Nce7 17. Bg5 Bg7 18. Ne5 Be8 19. Bxe7 Qxe7 20. Nxd5 Qb7 21. Rxc8 Qxc8 22. Bxf5 Kh8 23. Bh3 Qd8 24. Nf4 Qf6 25. Qc2 Bb5 26. Nfxg6+ hxg6 27. Nxg6+ Kg8 28. Nxf8 Bxf8 29. Rxe6 Qxd4 30. Qg6+ Bg7 31. Re8+ Bxe8 32. Qxe8+ Bf8 33. Be6+ Kh7 34. Qxf8 Qd1+ 35. Kg2 Kg6 36. Qf5+ Kg7 37. Qg4+ Kf6 38. Qxd1 1-0


[Site "https://www.chess.com"]

[Event "Titled Tuesday Blitz November 01 Early 2022"]
[White "Postnikov, Daniil"]
[Black "Gharibyan, Mamikon"]
[WhiteFideId "4166329"]
[BlackFideId "13308300"]
[WhiteElo "2261"]
[BlackElo "2378"]
[Result "1/2-1/2"]
[Round "03"]
[TimeControl "180+1"]
[Date "2022.11.02"]
[WhiteClock "0:00:05"]
[BlackClock "0:00:04"]

1. d4 g6 2. c4 Bg7 3. Nf3 c5 4. d5 d6 5. e4 e6 6. Nc3 Nf6 7. h3 O-O 8. Bf4 exd5 9. exd5 Re8+ 10. Be2 Ne4 11. Nxe4 Rxe4 12. Bg5 Qe8 13. Nd2 Re5 14. Bf4 Bf5 15. g4 Bd3 16. Bxe5 Qxe5 17. Kf1 Qxb2 18. Bxd3 Qxa1 19. Qxa1 Bxa1 20. Ne4 Be5 21. Kg2 Nd7 22. Rf1 Bf4 23. a4 b6 24. Kf3 g5 25. Ke2 h6 26. Rh1 Ne5 27. f3 Ng6 28. Nf6+ Kg7 29. Nh5+ Kf8 30. Bxg6 fxg6 31. Nxf4 gxf4 32. Kf2 Re8 33. h4 Ke7 34. Re1+ Kd7 35. Rxe8 Kxe8 36. g5 hxg5 37. hxg5 Kd7 38. Ke2 a6 39. Kd3 Kc7 40. Ke4 b5 41. axb5 axb5 42. cxb5 Kb6 43. Kxf4 Kxb5 44. Ke4 c4 45. f4 Kc5 46. f5 gxf5+ 47. Kxf5 c3 48. g6 c2 49. g7 c1=Q 50. g8=Q Qf1+ 51. Ke6 Qe2+ 52. Kd7 Qb5+ 53. Ke6 Qb7 54. Qg1+ Kc4 55. Qf1+ Kd4 56. Qf2+ Kc4 57. Qe2+ Kd4 58. Qf2+ Ke4 59. Qe2+ Kd4 60. Qf2+ 1/2-1/2


[Site "https://www.chess.com"]

[Event "Titled Tuesday Blitz November 01 Early 2022"]
[White "Predke, Alexandr"]
[Black "Ozdemir, Serhan Berat"]
[WhiteFideId "24107581"]
[BlackFideId "6374611"]
[WhiteElo "2614"]
[BlackElo "2016"]
[Result "1-0"]
[Round "03"]
[TimeControl "180+1"]
[Date "2022.11.02"]
[WhiteClock "0:00:17"]
[BlackClock "0:00:02"]

1. Nf3 Nf6 2. c4 g6 3. Nc3 Bg7 4. e4 d6 5. d4 O-O 6. Be2 Bg4 7. Be3 Nfd7 8. Qd2 c5 9. d5 Na6 10. h3 Bxf3 11. gxf3 Nc7 12. h4 h5 13. f4 e6 14. dxe6 Nxe6 15. f5 Nd4 16. O-O-O Ne5 17. Rdg1 Nef3 18. Bxf3 Nxf3 19. Qd5 Nxg1 20. Rxg1 Kh7 21. Bg5 Bf6 22. f4 Bxg5 23. Rxg5 Qe7 24. Ne2 Rae8 25. Ng3 Qf6 26. e5 dxe5 27. fxe5 Qc6 28. Nxh5 Qxd5 29. Nf6+ Kg7 30. Nxe8+ Rxe8 31. f6+ Kh7 32. cxd5 Rd8 33. e6 fxe6 34. dxe6 Re8 35. f7 1-0


[Site "https://www.chess.com"]

[Event "Titled Tuesday Blitz November 01 Early 2022"]
[White "Principe, Gerson"]
[Black "Gorodetzky, David"]
[WhiteFideId "3804550"]
[BlackFideId "2813416"]
[WhiteElo "2280"]
[BlackElo "2487"]
[Result "0-1"]
[Round "03"]
[TimeControl "180+1"]
[Date "2022.11.01"]
[WhiteClock "0:00:23"]
[BlackClock "0:00:59"]

1. Nf3 b6 2. g3 Bb7 3. Bg2 Nf6 4. O-O g6 5. b3 c5 6. Bb2 Bg7 7. c4 O-O 8. d4 cxd4 9. Nxd4 Bxg2 10. Kxg2 d5 11. Nd2 e5 12. Nc2 d4 13. Nf3 Nc6 14. Re1 Re8 15. e4 d3 16. Na3 Qd7 17. Nb5 Rad8 18. Qd2 Nh5 19. h3 f5 20. Nc3 Nb4 21. Rad1 f4 22. Nd5 fxg3 23. Qxb4 gxf2 24. Kxf2 Qxh3 25. Rxd3 Rf8 26. Ne7+ Kh8 27. Rxd8 Qxf3+ 28. Kg1 Qg4+ 0-1


[Site "https://www.chess.com"]

[Event "Titled Tuesday Blitz November 01 Early 2022"]
[White "Rakhmanov, Aleksandr"]
[Black "Horobetz, Graham"]
[WhiteFideId "4173708"]
[BlackFideId "2047322"]
[WhiteElo "2530"]
[BlackElo "2590"]
[Result "0-1"]
[Round "03"]
[TimeControl "180+1"]
[Date "2022.11.01"]
[WhiteClock "0:00:02"]
[BlackClock "0:01:17"]

1. d4 Nf6 2. c4 g6 3. Nc3 Bg7 4. e4 d6 5. h3 O-O 6. Be3 Nbd7 7. g4 e5 8. d5 h5 9. f3 Nh7 10. Qd2 Bf6 11. O-O-O Bg5 12. gxh5 gxh5 13. h4 Bxe3 14. Qxe3 a6 15. Bh3 b5 16. Nge2 Qf6 17. Ng3 Kh8 18. Nxh5 Qg6 19. Bg4 Nc5 20. Ng3 Bxg4 21. fxg4 Qxg4 22. Nf5 bxc4 23. Rdg1 Qf4 24. Qxf4 exf4 25. Nh6 Rae8 26. Rh2 Nf6 27. Rg5 Nfxe4 28. Nxe4 Nxe4 29. Rf5 Re5 30. Rxf4 f5 31. Rg2 Rf6 32. Ng8 Rf7 33. Nh6 Rf6 34. Ng8 Rf8 35. Nh6 Nc5 36. h5 Nd3+ 0-1


[Site "https://www.chess.com"]

[Event "Titled Tuesday Blitz November 01 Early 2022"]
[White "Reprintsev, Alexander"]
[Black "Szente Varga, Fruzsina"]
[WhiteFideId "14100541"]
[BlackFideId "712264"]
[WhiteElo "2230"]
[BlackElo "1994"]
[Result "0-1"]
[Round "03"]
[TimeControl "180+1"]
[Date "2022.11.02"]
[WhiteClock "0:00:12"]
[BlackClock "0:00:19"]

1. e4 e5 2. f4 d6 3. Nc3 Nc6 4. Bb5 Bd7 5. d3 a6 6. Ba4 b5 7. Bb3 Nd4 8. Nf3 Bg4 9. Nxe5 Nxb3 10. Qxg4 Nf6 11. Qe2 Nxa1 12. Nf3 Be7 13. O-O O-O 14. Be3 Nxc2 15. Qxc2 c5 16. h3 d5 17. e5 d4 18. exf6 Bxf6 19. Bf2 dxc3 20. bxc3 Rc8 21. g4 b4 22. c4 Qd6 23. g5 Qxf4 24. gxf6 Qxf3 25. fxg7 Rfe8 26. h4 Re2 27. Qc1 Re6 28. h5 Qxh5 29. Bg3 Rg6 30. Qe1 Qh3 31. Rf3 Rxg7 32. Kf2 Qe6 33. Qh1 Re8 34. Qh4 Qe2+ 35. Kg1 Qxf3 0-1


[Site "https://www.chess.com"]

[Event "Titled Tuesday Blitz November 01 Early 2022"]
[White "Rios Escobar, Adan"]
[Black "Ilkhomi, Jaloliddin"]
[WhiteFideId "3403645"]
[BlackFideId "14700948"]
[WhiteElo "2376"]
[BlackElo "2045"]
[Result "0-1"]
[Round "03"]
[TimeControl "180+1"]
[Date "2022.11.02"]
[WhiteClock "0:00:02"]
[BlackClock "0:00:58"]

1. d4 Nf6 2. g3 e6 3. c4 Bb4+ 4. Nd2 Ne4 5. Bg2 d5 6. Nf3 O-O 7. O-O f5 8. Qc2 c6 9. Ne5 Nd7 10. Ndf3 Bd6 11. Nd3 Ndf6 12. Bf4 Bxf4 13. Nxf4 Bd7 14. e3 g5 15. Nd3 dxc4 16. Qxc4 g4 17. Nfe5 Nd2 18. Qb4 Nxf1 19. Rxf1 Bc8 20. Nf4 a5 21. Qb3 Nd5 22. Rd1 Qc7 23. Rc1 Qd6 24. a3 a4 25. Qc4 Bd7 26. h3 Nxf4 27. gxf4 gxh3 28. Bxh3 Kh8 29. Kh2 Be8 30. Qe2 Rg8 31. Nc4 Qc7 32. Ne5 b5 33. Bg2 Qg7 34. Qf3 Rc8 35. Qh3 Rc7 36. Bf3 Qf6 37. Rg1 Rxg1 38. Kxg1 c5 39. d5 exd5 40. Bxd5 Rg7+ 41. Kf1 b4 42. axb4 cxb4 43. Ke2 a3 44. bxa3 bxa3 45. Qh1 Bb5+ 46. Kd2 Be8 47. Qa1 Rd7 48. Nf7+ Rxf7 49. Qxa3 Rd7 50. Ke2 Rxd5 51. Qa2 Bb5+ 52. Kf3 Qc6 53. Kg3 Rd7 54. Qa1+ Rg7+ 55. Kh4 Qh6# 0-1


[Site "https://www.chess.com"]

[Event "Titled Tuesday Blitz November 01 Early 2022"]
[White "Ristic, Nebojsa B"]
[Black "Harsh Suresh"]
[WhiteFideId "935468"]
[BlackFideId "45018464"]
[WhiteElo "2320"]
[BlackElo "2180"]
[Result "0-1"]
[Round "03"]
[TimeControl "180+1"]
[Date "2022.11.02"]
[WhiteClock "0:00:04"]
[BlackClock "0:00:04"]

1. d4 g6 2. Bf4 Bg7 3. e3 d6 4. h3 Nf6 5. Nf3 O-O 6. c3 c5 7. Nbd2 b6 8. Be2 Bb7 9. O-O Nbd7 10. a4 Qc7 11. Bh2 e5 12. dxe5 Nxe5 13. Nxe5 dxe5 14. Nc4 Nd7 15. Qd6 Qxd6 16. Nxd6 Bc6 17. Bb5 Bxb5 18. axb5 Rfb8 19. Ra6 Bf8 20. Nc4 f6 21. f4 exf4 22. Bxf4 Rb7 23. Rd1 Kf7 24. Kf2 Ke6 25. g4 Be7 26. Ke2 Nb8 27. Ra2 a5 28. Bxb8 Raxb8 29. b3 Ra8 30. Rad2 Rh8 31. Kf3 h5 32. Kg3 hxg4 33. hxg4 Rh7 34. Nb2 f5 35. gxf5+ gxf5 36. Nc4 Bf8 37. Rd8 Rbg7+ 38. Kf3 Rh3+ 39. Ke2 Be7 40. Rb8 Rg2+ 41. Kd3 Bg5 42. Rxb6+ Ke7 43. Rf1 f4 44. Rb7+ Ke6 45. Rb6+ Ke7 46. Nxa5 Rxe3+ 47. Kc4 Rc2 48. Nc6+ Kf7 49. Kxc5 Rcxc3+ 50. Kb4 Rxb3+ 51. Kc5 f3 52. Rb7+ Kg6 53. Nd4 Rbc3+ 54. Kb4 Rcd3 55. Kc4 Ra3 56. Rb6+ Kh5 57. Rh1+ Kg4 58. Rg6 f2 59. Ne6 Ra4+ 60. Kd5 Rd3+ 61. Kc6 Rc4+ 62. Kb7 Rd7+ 63. Kb8 Rd5 0-1


[Site "https://www.chess.com"]

[Event "Titled Tuesday Blitz November 01 Early 2022"]
[White "Rohith Krishna S"]
[Black "Dominguez Perez, Leinier"]
[WhiteFideId "46617051"]
[BlackFideId "3503240"]
[WhiteElo "2270"]
[BlackElo "2647"]
[Result "0-1"]
[Round "03"]
[TimeControl "180+1"]
[Date "2022.11.01"]
[WhiteClock "0:00:14"]
[BlackClock "0:00:46"]

1. Nf3 c5 2. g3 Nf6 3. Bg2 Nc6 4. O-O e5 5. d3 d5 6. e4 d4 7. a4 h6 8. Na3 Bd6 9. Nh4 g6 10. f4 exf4 11. gxf4 Nh5 12. Qe1 Be7 13. Nf3 Bg4 14. Nc4 Qc7 15. Nfe5 Nxe5 16. Nxe5 Be6 17. Bd2 Bd6 18. c3 Nxf4 19. Bxf4 Bxe5 20. Bxe5 Qxe5 21. Kh1 O-O 22. a5 Kg7 23. cxd4 Qxd4 24. e5 Bd5 25. Qg3 Rae8 26. Rae1 Bxg2+ 27. Kxg2 Re6 28. Rf2 Rfe8 29. Qf3 R8e7 30. Ref1 h5 31. Qf6+ Kg8 32. Qg5 Rxe5 33. Qh6 Qd5+ 34. Kg1 Rg5+ 0-1


[Site "https://www.chess.com"]

[Event "Titled Tuesday Blitz November 01 Early 2022"]
[White "Rose, Felix"]
[Black "Winterberg, Lukas"]
[WhiteFideId "5105722"]
[BlackFideId "24622702"]
[WhiteElo "2039"]
[BlackElo "2349"]
[Result "0-1"]
[Round "03"]
[TimeControl "180+1"]
[Date "2022.11.02"]
[WhiteClock "0:00:08"]
[BlackClock "0:00:10"]

1. e4 c5 2. Nf3 e6 3. d4 cxd4 4. Nxd4 Nc6 5. Nc3 Qc7 6. Be3 Nf6 7. Qf3 a6 8. O-O-O Bb4 9. Nxc6 bxc6 10. Bd4 e5 11. Qg3 Ng4 12. h3 d6 13. hxg4 exd4 14. Rxd4 Bc5 15. Rd2 Rb8 16. Bc4 Be6 17. Bb3 a5 18. Na4 Rb5 19. Nxc5 Rxc5 20. Qxd6 Qxd6 21. Rxd6 Bxg4 22. f3 Bc8 23. Rhd1 O-O 24. Rd8 Be6 25. Bxe6 fxe6 26. Rxf8+ Kxf8 27. Rd7 h5 28. Kd2 Rg5 29. g4 hxg4 30. fxg4 Rxg4 31. Rd6 Rxe4 32. Rxc6 Ke7 33. Kd3 Rf4 34. Ra6 Rf5 35. c4 g5 36. Ra7+ Kf6 37. Kd4 g4 38. c5 g3 39. Ra8 Kf7 40. Rh8 g2 41. Rh7+ Kf6 42. Rh6+ Kg7 43. Rh1 gxh1=Q 0-1


[Site "https://www.chess.com"]

[Event "Titled Tuesday Blitz November 01 Early 2022"]
[White "Rosenberg, Evan S"]
[Black "Goh, Zi Han"]
[WhiteFideId "2019299"]
[BlackFideId "5819156"]
[WhiteElo "2377"]
[BlackElo "2026"]
[Result "1-0"]
[Round "03"]
[TimeControl "180+1"]
[Date "2022.11.02"]
[WhiteClock "0:00:04"]
[BlackClock "0:00:06"]

1. d4 d5 2. Nf3 Nf6 3. c3 e6 4. Bf4 Bd6 5. e3 O-O 6. Nbd2 c5 7. Bg3 Nc6 8. Bd3 Re8 9. Ne5 Qc7 10. f4 g6 11. O-O Nd7 12. h4 Nf8 13. h5 f6 14. Nxc6 bxc6 15. hxg6 hxg6 16. e4 cxd4 17. cxd4 Qb6 18. Nb3 e5 19. fxe5 fxe5 20. exd5 cxd5 21. Rxf8+ Rxf8 22. Bxg6 a5 23. Qh5 Ra7 24. Kh1 exd4 25. Qxd5+ Kg7 26. Bxd6 Kxg6 27. Bxf8 Rh7+ 28. Kg1 d3+ 29. Bc5 Qf6 30. Qxd3+ Bf5 31. Qg3+ Kf7 32. Rf1 Rg7 33. Qc7+ Kg8 34. Qb8+ Kh7 35. Bd4 Qg6 36. Bxg7 Kxg7 37. Qe5+ Kh6 38. Qxf5 Qb6+ 39. Qf2 a4 40. Qxb6+ Kg7 41. Rf6 Kh8 42. Rf7 1-0


[Site "https://www.chess.com"]

[Event "Titled Tuesday Blitz November 01 Early 2022"]
[White "Safin, Robert"]
[Black "Kvaloy, Aksel Bu"]
[WhiteFideId "34189120"]
[BlackFideId "1528815"]
[WhiteElo "2219"]
[BlackElo "2178"]
[Result "0-1"]
[Round "03"]
[TimeControl "180+1"]
[Date "2022.11.02"]
[WhiteClock "0:00:02"]
[BlackClock "0:00:24"]

1. e4 e5 2. Nf3 Nf6 3. Nxe5 Nc6 4. Nf3 Nxe4 5. Qe2 Qe7 6. d3 Nf6 7. Nc3 Qxe2+ 8. Bxe2 Bb4 9. Bd2 O-O 10. Nb5 Bxd2+ 11. Kxd2 Ne8 12. Rae1 a6 13. Nbd4 Nxd4 14. Nxd4 d6 15. Bf3 Nf6 16. Re7 c5 17. Nb3 Rb8 18. Na5 Re8 19. Rc7 d5 20. Re1 Kf8 21. Rxe8+ Nxe8 22. Rxc5 b6 23. Nc6 bxc5 24. Nxb8 Ke7 25. Bxd5 Kd6 26. Bf3 g5 27. h3 h5 28. Bxh5 Kc7 29. Bxf7 Nf6 30. Nxa6+ Bxa6 31. g3 Kd6 32. h4 gxh4 33. gxh4 Ng4 34. c3 Nh6 35. Bh5 Bb7 36. Be2 Ke5 37. b4 cxb4 38. cxb4 Bc6 39. a3 Kd4 40. f4 Bd7 41. Bd1 Nf5 42. a4 Nxh4 43. a5 Bb5 44. Bc2 Nf5 45. Ke2 Ne3 46. Bb1 Nd5 47. Kd2 Nxf4 48. Ba2 Nxd3 49. Bg8 Nxb4 50. Bh7 Nc6 51. Bg8 Nxa5 52. Bh7 Nc4+ 53. Kc2 Ne3+ 54. Kc1 Kc3 55. Bg6 Bd7 56. Bh7 Be8 57. Be4 Bf7 58. Bh7 Kd4 59. Bb1 Nc4 60. Bc2 Kc3 61. Bb1 Na5 62. Bc2 Bh5 63. Bd1 Bg6 64. Bc2 Bh5 65. Bd1 Bf7 66. Bc2 Nb7 67. Bd1 Nc5 68. Bc2 Ba2 69. Bh7 Bb3 70. Bc2 Bd5 71. Kd1 Bf3+ 72. Kc1 Be2 0-1


[Site "https://www.chess.com"]

[Event "Titled Tuesday Blitz November 01 Early 2022"]
[White "Salem, A.R. Saleh"]
[Black "Kakabayev, Mergen"]
[WhiteFideId "9301348"]
[BlackFideId "14002990"]
[WhiteElo "2628"]
[BlackElo "2302"]
[Result "1-0"]
[Round "03"]
[TimeControl "180+1"]
[Date "2022.11.02"]
[WhiteClock "0:02:28"]
[BlackClock "0:01:31"]

1. d4 d5 2. c4 c6 3. Nc3 Nf6 4. Nf3 e6 5. g3 Nbd7 6. Bg2 dxc4 7. O-O b5 8. e4 Bb7 9. e5 Nd5 10. Ng5 Be7 11. Qh5 g6 12. Qh6 Bf8 13. Qh3 Be7 14. Nce4 c5 15. Nxe6 fxe6 16. Qxe6 Nf8 17. Qg4 cxd4 18. Re1 Bc8 19. Nd6+ Bxd6 20. exd6+ Ne3 21. Qxd4 Kf7 22. Bxe3 Ne6 23. Qe5 Rb8 24. Bh6 Bd7 25. Re3 Re8 26. Bd5 1-0


[Site "https://www.chess.com"]

[Event "Titled Tuesday Blitz November 01 Early 2022"]
[White "Salgado Lopez, Ivan"]
[Black "Garv Gaur"]
[WhiteFideId "2257327"]
[BlackFideId "45030839"]
[WhiteElo "2594"]
[BlackElo "1960"]
[Result "1-0"]
[Round "03"]
[TimeControl "180+1"]
[Date "2022.11.02"]
[WhiteClock "0:00:58"]
[BlackClock "0:00:09"]

1. d4 Nf6 2. c4 e6 3. Bf4 d5 4. cxd5 exd5 5. e3 Bd6 6. Bxd6 Qxd6 7. Qc2 O-O 8. Nc3 c6 9. Bd3 Re8 10. Nf3 a5 11. O-O Nbd7 12. Rae1 h6 13. h3 b5 14. e4 dxe4 15. Nxe4 Nxe4 16. Bxe4 Bb7 17. Bh7+ Kf8 18. Bf5 Rxe1 19. Rxe1 Re8 20. Rxe8+ Kxe8 21. Bxd7+ Qxd7 22. Qc5 f6 23. a3 Kf7 24. Nd2 Qd5 25. Qxd5+ cxd5 26. Nb3 a4 27. Nc1 Bc8 28. Ne2 Ke6 29. Nc3 Bd7 30. f3 Kd6 31. Kf2 Be8 32. Ke3 g6 33. Kd2 Bd7 34. Nd1 Be8 35. Kc3 Kc6 36. Kb4 Bf7 37. f4 Kb6 38. Nc3 Be6 39. h4 g5 40. hxg5 hxg5 41. g3 Kc6 42. Nxb5 Bh3 43. Nc3 Bf1 44. Kxa4 Bc4 45. Nd1 Bb5+ 46. Kb4 Be2 47. Ne3 Bd3 48. a4 Be2 49. Ka5 Bd3 50. b4 Be2 51. b5+ Kd6 52. Kb6 1-0


[Site "https://www.chess.com"]

[Event "Titled Tuesday Blitz November 01 Early 2022"]
[White "Sarkar, Justin"]
[Black "Cramling Bellon, Anna"]
[WhiteFideId "2010011"]
[BlackFideId "32009232"]
[WhiteElo "2250"]
[BlackElo "1972"]
[Result "1-0"]
[Round "03"]
[TimeControl "180+1"]
[Date "2022.11.02"]
[WhiteClock "0:00:03"]
[BlackClock "0:00:02"]

1. e4 c5 2. Nf3 e6 3. d4 cxd4 4. Nxd4 Nf6 5. Nc3 Nc6 6. Ndb5 d6 7. Bf4 e5 8. Bg5 a6 9. Na3 b5 10. Nd5 Be7 11. Bxf6 Bxf6 12. c3 Bg5 13. Nc2 O-O 14. a4 bxa4 15. Rxa4 a5 16. Bb5 Bb7 17. O-O Ne7 18. Bc4 Rb8 19. Nxe7+ Qxe7 20. Qd3 Bc6 21. Ra2 Rfd8 22. Bd5 Qb7 23. Rxa5 Bxd5 24. Rxd5 Qxb2 25. g3 Be7 26. Ne3 g6 27. Nc4 Qb7 28. Nxd6 Bxd6 29. Rxd6 Rxd6 30. Qxd6 Re8 31. Qd5 Qc7 32. c4 Kg7 33. Rc1 Rc8 34. c5 Rd8 35. Qc4 Qc6 36. Qc2 Rd4 37. f3 h5 38. Kf2 Rb4 39. Qd2 Qb5 40. Qe2 Rb2 41. Rc2 Rxc2 42. Qxc2 Qc6 43. Ke3 Kf6 44. Qc3 Ke6 45. Qc4+ Kf6 46. Qd5 Qa4 47. c6 Qa3+ 48. Kd2 Qb2+ 49. Kd3 Qb1+ 50. Kc4 Qc2+ 51. Kb5 Qd3+ 52. Kc5 Qa3+ 53. Kb6 Qb4+ 54. Kc7 Qe7+ 55. Qd7 1-0


[Site "https://www.chess.com"]

[Event "Titled Tuesday Blitz November 01 Early 2022"]
[White "Schut, Han"]
[Black "Turutin, Alexander"]
[WhiteFideId "1005561"]
[BlackFideId "4180623"]
[WhiteElo "2024"]
[BlackElo "2402"]
[Result "0-1"]
[Round "03"]
[TimeControl "180+1"]
[Date "2022.11.02"]
[WhiteClock "0:00:01"]
[BlackClock "0:00:54"]

1. e4 c6 2. d4 d5 3. e5 c5 4. dxc5 e6 5. a3 Bxc5 6. b4 Be7 7. Bb2 Nh6 8. Bd3 a5 9. b5 Nd7 10. Ne2 f6 11. Nf4 Nxe5 12. Bxe5 fxe5 13. Qh5+ Nf7 14. Nh3 e4 15. Be2 e5 16. Bd1 g6 17. Qe2 Bxh3 18. gxh3 O-O 19. c4 Ng5 20. cxd5 Nf3+ 21. Kf1 Bh4 22. Qxe4 Rf4 23. Qe2 Qd7 0-1


[Site "https://www.chess.com"]

[Event "Titled Tuesday Blitz November 01 Early 2022"]
[White "Shapiro, Daniel"]
[Black "Mihajlov, Sebastian"]
[WhiteFideId "2001780"]
[BlackFideId "1512110"]
[WhiteElo "2257"]
[BlackElo "2464"]
[Result "0-1"]
[Round "03"]
[TimeControl "180+1"]
[Date "2022.11.02"]
[WhiteClock "0:00:01"]
[BlackClock "0:00:18"]

1. d4 g6 2. e4 Bg7 3. Nc3 a6 4. a4 d6 5. g3 Nd7 6. Bg2 c5 7. Nge2 Ngf6 8. h3 O-O 9. Be3 Rb8 10. a5 Qc7 11. O-O Rd8 12. g4 e5 13. d5 h5 14. Ng3 hxg4 15. hxg4 Nf8 16. g5 N6h7 17. Qd2 Bd7 18. Kh2 b5 19. axb6 Rxb6 20. Ra2 Rb4 21. Rfa1 Rdb8 22. Nd1 Bc8 23. Bf1 Qd7 24. Bxa6 Qh3+ 25. Kg1 Bxa6 26. Rxa6 f5 27. Rxd6 f4 28. Bxf4 exf4 29. Qxf4 R8b7 30. Ra8 Rf7 31. Qe3 Qg4 32. Nc3 Nxg5 33. f4 Bd4 34. Rxg6+ Kh7 35. Qxd4 cxd4 36. Rxg5 Qxf4 37. Rh5+ Kg6 38. Ra6+ Rf6 0-1


[Site "https://www.chess.com"]

[Event "Titled Tuesday Blitz November 01 Early 2022"]
[White "Sharapov, Evgeny"]
[Black "Romero Ruscalleda, Josep"]
[WhiteFideId "14103133"]
[BlackFideId "2231859"]
[WhiteElo "2367"]
[BlackElo "2268"]
[Result "0-1"]
[Round "03"]
[TimeControl "180+1"]
[Date "2022.11.02"]
[WhiteClock "0:00:13"]
[BlackClock "0:00:33"]

1. e4 g6 2. d4 Bg7 3. Nc3 d6 4. f4 a6 5. Nf3 b5 6. Be3 Bb7 7. Bd3 Nd7 8. O-O Rc8 9. a4 b4 10. Ne2 Ngf6 11. d5 O-O 12. Kh1 c6 13. dxc6 Rxc6 14. Bd4 Nc5 15. Ng3 Nxd3 16. cxd3 Qc7 17. Rc1 Rxc1 18. Qxc1 Rc8 19. Qxc7 Rxc7 20. b3 Rc2 21. Rf2 Rc1+ 22. Rf1 Rc2 23. Ne1 Rd2 24. Rf2 Rd1 25. Re2 Bh6 26. f5 Rb1 27. Kg1 Rxb3 28. Kf2 Ng4+ 29. Kf3 Nxh2+ 30. Kf2 Ng4+ 31. Kf1 Rb1 32. Rb2 Rxb2 33. Bxb2 Ne3+ 34. Ke2 gxf5 35. Bc1 f4 36. Nf1 Nxf1 37. Kxf1 e5 38. Nc2 a5 39. Na1 Ba6 40. Ke2 f3+ 0-1


[Site "https://www.chess.com"]

[Event "Titled Tuesday Blitz November 01 Early 2022"]
[White "Shimelkov, Vasiliy"]
[Black "Bogaudinov, Rushan"]
[WhiteFideId "13701630"]
[BlackFideId "4129288"]
[WhiteElo "2073"]
[BlackElo "1945"]
[Result "1/2-1/2"]
[Round "03"]
[TimeControl "180+1"]
[Date "2022.11.02"]
[WhiteClock "0:00:12"]
[BlackClock "0:00:16"]

1. d4 Nf6 2. c4 e6 3. g3 d5 4. Nf3 Bb4+ 5. Bd2 a5 6. Qc2 O-O 7. Bg2 Nc6 8. O-O a4 9. a3 Be7 10. cxd5 exd5 11. Nc3 Bg4 12. Be3 Na5 13. Rfd1 Nc4 14. Bf4 Re8 15. Ne5 c6 16. Nxc4 dxc4 17. h3 Bh5 18. Rd2 Nd5 19. Nxa4 Nxf4 20. gxf4 b5 21. Nc5 Qc7 22. e3 Bf8 23. Re1 Rac8 24. Qf5 Bg6 25. Qg4 h5 26. Qg3 Rcd8 27. Qf3 Bxc5 28. Qxc6 Qxc6 29. Bxc6 Re6 30. Bxb5 Rxd4 31. Rxd4 Bxd4 32. Bxc4 Re7 33. b4 h4 34. Rd1 Bb2 35. a4 Bh5 36. Rb1 Bc3 37. b5 Ba5 38. b6 Bf3 39. Ba6 Rd7 40. b7 Bc7 41. b8=Q+ Bxb8 42. Rxb8+ Kh7 43. Rb1 Rd2 44. Ra1 Kg6 45. Bb5 Rd5 46. Bf1 Ra5 47. Bg2 Be2 48. Be4+ f5 49. Bc6 Kf6 50. Bg2 Bc4 51. Bf1 Bb3 52. Bb5 Bd5 53. Rd1 Ke6 54. Rc1 Ra7 55. Rc8 Kd6 56. Rd8+ Kc5 57. Rh8 Be4 58. Rxh4 Kb4 59. Rh8 Rc7 60. Rf8 Rc1+ 61. Kh2 Rf1 62. Kg3 Rg1+ 63. Kh4 Rg2 64. Bd7 Rxf2 65. Bxf5 Bc6 66. Be6 Bxa4 67. f5 Bd1 68. Bd7 Re2 69. e4 Rxe4+ 70. Kg3 Re7 71. Be6 Kc5 72. Rc8+ Kb6 73. Rd8 Bh5 74. Rd7 Rxd7 75. Bxd7 Kc7 76. Be6 Kd6 77. Kf4 g6 78. Kg5 gxf5 79. Bxf5 Bf7 80. h4 Ke7 81. h5 Kf8 82. h6 Kg8 83. h7+ Kh8 84. Kf4 Bd5 85. Ke5 Bc4 86. Kd6 Bb3 87. Kc7 Ba2 88. Kd6 Bb3 89. Ke5 Ba2 90. Kd4 Bb3 91. Kc5 Ba2 92. Kb4 Bb3 93. Ka3 Kg7 94. Kxb3 Kh8 95. Kb4 Kg7 96. Kc5 Kh8 97. Kd6 Kg7 98. Ke7 Kh8 99. Kf8 1/2-1/2


[Site "https://www.chess.com"]